 Dungeon Crawl Stone Soup version 0.29-a0-721-g7f417c9bbb (webtiles) character file.

Game seed: 7368712890374304486

8 ytrimaz the Ducker (level 2, 23/23 HPs)
             Began as a Demonspawn Gladiator on June 28, 2022.
             Quit the game on level 1 of the Dungeon.
             The game lasted 00:00:35 (445 turns).

ytrimaz the Ducker (Demonspawn Gladiator)            Turns: 445, Time: 00:00:35

Health: 23/23      AC:  4    Str: 14    XL:     2   Next: 0%
Magic:  2/2        EV: 12    Int:  9    God:
Gold:   27         SH:  0    Dex: 14    Spells: 1/1 levels left

rFire   . . .      SeeInvis .   a - +0 rapier
rCold   . . .      Faith    .   (no shield)
rNeg    . . .      Spirit   .   b - +0 leather armour
rPois   .          Reflect  .   c - +0 helmet
rElec   .          Harm     .   (no cloak)
rCorr   .          Rampage  .   (no gloves)
Will    .....                   (no boots)
Stlth   +.........              (no amulet)
HPRegen 0.07/turn               (no ring)
MPRegen 0.08/turn               (no ring)

@: no status effects
A: demonic magic 1
a: no special abilities


You were on level 1 of the Dungeon.
You visited 1 branch of the dungeon, and saw 1 of its levels.

You collected 27 gold pieces.

Inventory:

Hand Weapons
 a - a +0 rapier (weapon)
Missiles
 d - 3 throwing nets (quivered)
 e - a javelin
Armour
 b - a +0 leather armour (worn)
 c - a +0 helmet (worn)
Scrolls
 f - a scroll of poison {unknown}
 h - a scroll of acquirement {unknown}
Potions
 g - a potion of heal wounds {unknown}


   Skills:
 + Level 2.4 Fighting
 - Level 2.6 Short Blades
 - Level 1.7 Throwing
 + Level 0.5 Armour
 - Level 2.7 Dodging


You had one spell level left.
You didn't know any spells.
Your spell library was empty.

Dungeon Overview and Level Annotations

Branches:
Dungeon (1/15)

Altars:


Innate Abilities, Weirdness & Mutations

Spells you cast may paralyse adjacent enemies.


Message History

The quokka bites you but does no damage.
You see here a +0 club.
The quokka barely misses you. x2
You closely miss the quokka. The quokka misses you.
You hit the quokka.
The quokka is severely wounded.
The quokka bites you.
You hit the quokka but do no damage.
The quokka is severely wounded.
The quokka bites you.
The quokka bites you but does no damage.
You hit the quokka.
You kill the quokka!
Found a faded altar of an unknown god.
You see here a quokka corpse.
A kobold comes into view. It is wielding a +0 whip.
A kobold is nearby!
The kobold completely misses you.
You hit the kobold.
You kill the kobold!
Things that are here:
a +0 whip; a kobold corpse A rat comes into view.
Found 19 gold pieces.
A rat is nearby!
A rat is nearby!
Found a scroll labelled GURINE TATOE.
The rat bites you. The rat closely misses you.
You hit the rat but do no damage. The rat barely misses you.
You puncture the rat!
You kill the rat!
You have reached level 2!
Your demonic ancestry asserts itself...
A menacing aura infuses your magic.
You now have 27 gold pieces (gained 19).
h - a scroll labelled GURINE TATOE You open the door.
An endoplasm comes into view.
Are you sure you want to abandon this character and quit the game? (Confirm with "yes".)

#..# #..## ...
##..§####+# ..J
..._.§....# ..
..).......# ..
.#..#.§...###### .#
....+........... .#
.#..#.....#######.#+#
....+...........@.#.#
.##.#.....#..######'##
.##.#.....##.#####...###
..#.#.....##.'.+.'.<.'.+
#.#.#.....########...###
..........# ##'##
#...####### #.# #...#
#'# # #...# #.# .#


You could see an endoplasm (asleep).

Vanquished Creatures
  A ball python (D:1)
  An endoplasm (D:1)
  2 goblins (D:1)
  A quokka (D:1)
  A kobold (D:1)
  A rat (D:1)
7 creatures vanquished.

Notes
Turn   | Place    | Note
-------+----------+-------------------------------------------
     0 | D:1      | ytrimaz the Demonspawn Gladiator began the quest for the
                  | Orb.
     0 | D:1      | Reached XP level 1. HP: 16/16 MP: 1/1
   306 | D:1      | Found a faded altar of an unknown god.
   391 | D:1      | Gained mutation: Spells you cast may paralyse adjacent
                  | enemies. [demonic ancestry]
   391 | D:1      | Reached XP level 2. HP: 20/23 MP: 2/2
   445 | D:1      | Quit the game

Illustrated notes

Levels and vault maps discovered:
D:1:      minmay_arrival_doors, layout_basic, ebering_ecumenical_altar_mist

Action                   || total
-------------------------++-------
Melee: Rapier            ||    19
Armor: Leather armour    ||     5
Dodge: Dodged            ||    13

Table legend: (Time is in decaauts)
 A = Elapsed time spent in this place.
 B = Non-inter-level travel time spent in this place.
 C = Inter-level travel time spent in this place.
 D = Time resting spent in this place.
 E = Time spent auto-exploring this place.
 F = Levels seen in this place.
 G = Mean time per level.
                   A        B        C        D        E       F      G
               +--------+--------+--------+--------+--------+-----+--------+
         Total |    446 |    446 |      0 |      0 |    380 |   1 |  446.0 |
       Dungeon |    446 |    446 |      0 |      0 |    380 |   1 |  446.0 |
               +--------+--------+--------+--------+--------+-----+--------+

Top non-repeatable levels by time:
     D:1: 446 daAuts
